 Dungeon Crawl Stone Soup version 0.29.1-1-gd02db6906a (webtiles) character file.

Game seed: 940200729984924286

34 Anriel the Poker (level 3, 0/27 HPs)
             Began as a Demonspawn Gladiator on Oct 13, 2022.
             Slain by Sigmund
             ... wielding a +4 vorpal scythe
              (2 damage)
             ... on level 2 of the Dungeon.
             The game lasted 00:06:16 (728 turns).

Anriel the Poker (Demonspawn Gladiator)              Turns: 728, Time: 00:06:17

Health: 0/27       AC:  6    Str: 16    XL:     3   Next: 14%
Magic:  3/3        EV: 11    Int:  9    God:
Gold:   31         SH:  0    Dex: 14    Spells: 2/2 levels left

rFire   . . .      SeeInvis .   a - +0 trident
rCold   . . .      Faith    .   (no shield)
rNeg    . . .      Spirit   .   h - +0 ring mail
rPois   .          Reflect  +   c - +0 helmet
rElec   .          Harm     .   (no cloak)
rCorr   .          Rampage  .   (no gloves)
Will    .....                   (no boots)
Stlth   ..........              i - amulet of reflection
HPRegen 0.09/turn               (no ring)
MPRegen 0.08/turn               (no ring)

@: confused
A: spiny 1
a: no special abilities


You were on level 2 of the Dungeon.
You visited 1 branch of the dungeon, and saw 2 of its levels.

You collected 31 gold pieces.

Inventory:

Hand Weapons
 a - a +0 trident (weapon)
Missiles
 b - 4 silver boomerangs
 d - 3 throwing nets (quivered)
 e - a javelin
Armour
 c - a +0 helmet (worn)
 h - a +0 ring mail (worn)
Jewellery
 i - an amulet of reflection (around neck)
Scrolls
 f - 2 scrolls of identify
 j - a scroll of enchant armour
 k - a scroll of magic mapping {unknown}


   Skills:
 + Level 2.0 Fighting
 + Level 3.3 Polearms
 + Level 1.8 Throwing
 + Level 0.3 Armour
 * Level 3.2 Dodging


You had 2 spell levels left.
You didn't know any spells.
Your spell library contained the following spells:

 Spells                   Type           Power      Damage    Failure   Level
 Alistair's Intoxication  Tmut/Pois      0%         N/A       100%        5
 Borgnjor's Vile Clutch   Necr/Erth      0%         N/A       100%        5
 Eringya's Noxious Bog    Tmut/Pois      0%         N/A       100%        6


Dungeon Overview and Level Annotations

Branches:
Dungeon (2/15)

Altars:

Annotations:
D:2 Sigmund


Innate Abilities, Weirdness & Mutations

You are partially covered in sharp spines.


Message History

Reach: a) +0 trident
Press: ? - help, Dir - move target, f/p - Sigmund
Aim: Sigmund, wielding a +4 vorpal scythe and wearing a +0 robe (lightly wounded, about 45% to evade your +0 trident)
You reach to attack!
You closely miss Sigmund.
Sigmund is lightly wounded.
Sigmund closely misses you.
Reach: a) +0 trident
Press: ? - help, Dir - move target, f/p - Sigmund
Aim: Sigmund, wielding a +4 vorpal scythe and wearing a +0 robe (lightly wounded, about 45% to evade your +0 trident)
You reach to attack!
You closely miss Sigmund.
Sigmund is lightly wounded.
Unknown command.
Reach: a) +0 trident
Press: ? - help, Dir - move target, f/p - Sigmund
Aim: Sigmund, wielding a +4 vorpal scythe and wearing a +0 robe (lightly wounded, about 45% to evade your +0 trident)
You reach to attack!
You completely miss Sigmund.
Sigmund is lightly wounded.
Sigmund casts a spell at you. The magic dart hits you!
* * * LOW HITPOINT WARNING * * *
You block Sigmund's attack.
You feel better.
Reach: a) +0 trident
Press: ? - help, Dir - move target, f/p - Sigmund
Aim: Sigmund, wielding a +4 vorpal scythe and wearing a +0 robe (lightly wounded, about 45% to evade your +0 trident)
You reach to attack!
You closely miss Sigmund.
Sigmund is lightly wounded.
Sigmund hits you from afar with a +4 vorpal scythe.
* * * LOW HITPOINT WARNING * * *
Sigmund casts a spell at you.
You are confused.
You're too confused to move!
You bump into the rock wall.
Sigmund hits you from afar with a +4 vorpal scythe.
* * * LOW HITPOINT WARNING * * *
x2 You bump into the rock wall.
You bump into the rock wall.
Sigmund hits you from afar with a +4 vorpal scythe.
* * * LOW HITPOINT WARNING * * *
You die...

#.. #..... #.# #.... ...
#.... # #.# #.#.# .# ### #.#
#.#.# .# ..##########.####
##.#.##.#
........##......###.#†....#
..#.###.##.#.##.##@###....##
###.###....#....@.## ##....#
#.#......####.##.#
#.@...!... #........[....#
#.#......####
###.###.######### ###[..###
#...# #..# ....# ###.###.##
.#...# ##....# .#..## ###..#
# #..# #..#


You could see Sigmund.

Vanquished Creatures
  A worm (D:2)
  3 endoplasms (D:1)
  2 giant cockroaches
  3 goblins (D:1)
  4 hobgoblins (D:1)
  2 jackals (D:1)
  2 kobolds (D:1)
  2 quokkas (D:1)
  2 ball pythons (D:1)
  A bat (D:1)
  2 frilled lizards (D:1)
  2 rats (D:1)
26 creatures vanquished.

Notes
Turn   | Place    | Note
-------+----------+-------------------------------------------
     0 | D:1      | Anriel the Demonspawn Gladiator began the quest for the
                  | Orb.
     0 | D:1      | Reached XP level 1. HP: 16/16 MP: 1/1
    66 | D:1      | Gained mutation: You are partially covered in sharp spines.
                  | [demonic ancestry]
    66 | D:1      | Reached XP level 2. HP: 6/22 MP: 2/2
   480 | D:1      | Reached XP level 3. HP: 27/27 MP: 3/3
   704 | D:2      | Noticed Sigmund
   728 | D:2      | Slain by Sigmund

Illustrated notes

Levels and vault maps discovered:
D:1:      dpeg_arrival_rooms_with_view, layout_rooms, serial_rivers,
          chequers_serial_rivers_room_b, chequers_serial_rivers_micro_b,
          chequers_serial_rivers_small_a, chequers_serial_rivers_large_a,
          chequers_serial_rivers_micro_a, chequers_serial_rivers_small_3
D:2:      minmay_door_path, layout_loops_cross,
          dilly_ecumenical_altar_fadedgnrine, kennysheep_nub,
          nicolae_elevator_lobby_plus, uniq_terence, uniq_crazy_yiuf_cottage,
          uniq_sigmund

Skill      XL: |  1  2 |
---------------+-------+-----
Dodging        | 3 |  3.2
Polearms       | 3 |  3.3
Fighting       | |  2.0
Throwing       | |  1.8
Armour         | |  0.3

Action                   || total
-------------------------++-------
Melee: Trident           ||    70
  Use: Scroll            ||     2
       Potion            ||     1
Armor: Leather armour    ||     5
       Ring mail         ||     8
Dodge: Dodged            ||    16
Block: Other             ||     3
